 Dungeon Sprint DCSS version 0.29-a0-775-g4d7333d4e2 (webtiles) character file.

Game seed: 16149908824883673850

49 mhtbhm the Sneak (level 3, -7/16 HPs)
             Began as a Spriggan Enchanter on July 1, 2022.
             Mangled by a water elemental (20 damage)
             ... in the Dungeon (Sprint III: "The Ten Rune Challenge").
             The game lasted 00:01:07 (387 turns).

mhtbhm the Sneak (Spriggan Enchanter)                Turns: 387, Time: 00:01:08

Health: -7/16      AC:  3    Str:  3    XL:     3   Next: 53%
Magic:  9/9        EV: 18    Int: 20    God:
Gold:   40         SH:  0    Dex: 16    Spells: 2/10 levels left

rFire   . . .      SeeInvis +   a - +1 dagger
rCold   . . .      Faith    .   (no shield)
rNeg    . . .      Spirit   .   b - +0 robe
rPois   .          Reflect  .   (helmet restricted)
rElec   .          Harm     .   h - +0 cloak
rCorr   .          Rampage  .   (gloves unavailable)
Will    .....      NoTele   +   (boots unavailable)
Stlth   ++++......              (no amulet)
HPRegen 0.05/turn               (no ring)
MPRegen 0.11/turn               (no ring)

@: hasted, very quick
A: very small, no large weapons, unfitting armour, see invisible, speed 3,
hooves 1, horns 1, clever 1
a: no special abilities


You were in the Dungeon.
You visited 1 branch You collected 40 gold pieces.

Inventory:

Hand Weapons
 a - a +1 dagger (weapon)
Armour
 b - a +0 robe (worn)
 h - a +0 cloak (worn)
Scrolls
 i - 2 scrolls of blinking
 k - 2 scrolls of poison {unknown}
 n - 2 scrolls of identify
Potions
 c - 2 potions of invisibility
 d - a potion of curing
 f - a potion of haste
 g - 2 potions of magic
 j - 3 potions of mutation
 l - a potion of brilliance {unknown}
 m - a potion of flight {unknown}


   Skills:
 + Level 0.2 Fighting
 + Level 1.9 Short Blades
 + Level 3.8 Dodging
 + Level 7.9 Stealth
 + Level 4.0 Spellcasting
 + Level 6.3 Hexes


You had 2 spell levels left.
You knew the following spells:

 Your Spells              Type           Power      Damage    Failure   Level
a - Ensorcelled Hibernat  Hex/Ice        32%        N/A       5%          2
b - Confusing Touch       Hex            29%        N/A       3%          3
c - Tukima's Dance        Hex            29%        N/A       3%          3

Your spell library contained the following spells:

 Spells                   Type           Power      Damage    Failure   Level
 Dazzling Flash           Conj/Hex       32%        N/A       11%         3


Dungeon Overview and Level Annotations

Branches:
Dungeon (1/1)

Altars:


Innate Abilities, Weirdness & Mutations

You are very small and have problems with some larger weapons.
You are too small for most types of armour.
You have supernaturally acute eyesight. (SInv)
You cover ground extremely quickly. (Speed+++)
You have large cloven feet.
You have a pair of small horns on your head.
Your mind is acute. (Int +4, Str/Dex -1)


Message History

There is an open door to the Ecumenical Temple here.
You aren't carrying any items that you can evoke.
Unknown command.
You feel yourself speed up. The water elemental misses you.
You hit the water elemental but do no damage.
You kick the water elemental, but do no damage.
You headbutt the water elemental.
The water elemental is lightly damaged.
You hit the water elemental but do no damage.
You kick the water elemental, but do no damage.
The water elemental is lightly damaged.
The water elemental hits you!
Ouch! That really hurt!
* * * LOW HITPOINT WARNING * * *
You feel much better. The water elemental misses you.
You hit the water elemental but do no damage.
The water elemental is lightly damaged.
You hit the water elemental but do no damage.
Your kick misses the water elemental.
The water elemental is lightly damaged.
The water elemental hits you.
You hit the water elemental.
The water elemental is lightly damaged.
The water elemental closely misses you.
You hit the water elemental.
The water elemental is lightly damaged.
You hit the water elemental but do no damage.
You kick the water elemental.
The water elemental is moderately damaged.
The water elemental completely misses you.
You hit the water elemental. You kick the water elemental.
You headbutt the water elemental.
The water elemental is heavily damaged.
You barely miss the water elemental.
The water elemental is heavily damaged.
The water elemental hits you!!
Ouch! That really hurt!
You die...

▓..#..#....♣.♣ ♣♣.#
▓#'####.....♣ ..#
▓.....#....≈♣♣♣♣♣.###+#+##
▓†....#)..≈≈....♣.#.......
▓.....#..≈≈≈≈♣.♣♣.'.⌠.....
▓####'#..≈≈≈≈≈≈...#...####
▓.....#.≈≈≈≈≈≈....#.⌠.#
▓.....#.≈≈≈≈≈..E..#...#
▓.....#.≈≈≈...@...#+###
▓'#####...........#
▓.................#
▓▓▓▓▓▓▓▓▓▓▓▓▓▓▓▓▓▓▓


You could see a water elemental.

Vanquished Creatures
  Crazy Yiuf (D)
  A human (D)
  An endoplasm (D)
  3 rats (D)
6 creatures vanquished.

Notes
Turn   | Place    | Note
-------+----------+-------------------------------------------
     0 | D        | mhtbhm the Spriggan Enchanter began the quest for the Orb.
     0 | D        | Reached XP level 1. HP: 9/9 MP: 5/5
   180 | D        | Reached skill level 5 in Stealth
   209 | D        | Reached skill level 6 in Stealth
   209 | D        | Reached skill level 5 in Hexes
   209 | D        | Reached XP level 2. HP: 13/13 MP: 5/7
   299 | D        | Learned a level 2 spell: Ensorcelled Hibernation
   303 | D        | Noticed Crazy Yiuf
   316 | D        | Killed Crazy Yiuf
   317 | D        | Reached skill level 7 in Stealth
   317 | D        | Reached XP level 3. HP: 16/16 MP: 5/9
   339 | D        | Gained mutation: Your mind is acute. (Int +4, Str/Dex -1)
                  | [potion of mutation]
   339 | D        | Gained mutation: You have a pair of small horns on your
                  | head. [potion of mutation]
   339 | D        | Gained mutation: You have large cloven feet. [potion of
                  | mutation]
   363 | D        | Learned a level 3 spell: Confusing Touch
   367 | D        | Learned a level 3 spell: Tukima's Dance
   368 | D        | Noticed a water elemental
   387 | D        | Mangled by a water elemental

Illustrated notes

Levels and vault maps discovered:
D:        dungeon_sprint_mu [sprint_mu_entry_forest, sprint_mu_temple_rooms,
          sprint_mu_d1_spiders, sprint_mu_d2_genie, sprint_mu_d3_branching,
          sprint_mu_orc_legion, sprint_mu_elf_gauntlet, sprint_mu_hive_nellie,
          sprint_mu_lair_fedhas, sprint_mu_vaults_butterflies,
          sprint_mu_slime_circle, sprint_mu_swamp_cave, sprint_mu_snake_twists,
          sprint_mu_blade_basic, sprint_mu_crypt_fortress,
          sprint_mu_tomb_spiral, sprint_mu_vestibule_basic,
          sprint_mu_gehenna_hellfire, sprint_mu_dis_giant,
          sprint_mu_tartarus_statrot, sprint_mu_cocytus_islands, sprint_mu_zot1]

Skill      XL: |  1  2 |
---------------+-------+-----
Hexes          | 5 6 |  6.3
Stealth        | 6 7 |  7.9
Dodging        | 3 |  3.8
Spellcasting   | 3 4 |  4.0
Fighting       | |  0.2
Short Blades   | |  1.9

Action                   || total
-------------------------++-------
Melee: Dagger            ||    28
       Kick              ||     4
       Headbutt          ||     2
 Cast: Ensorcelled Hiber ||     1
  Use: Potion            ||     4
 Stab: Sleeping          ||     3
Dodge: Dodged            ||    13

Table legend: (Time is in decaauts)
 A = Elapsed time spent in this place.
 B = Non-inter-level travel time spent in this place.
 C = Inter-level travel time spent in this place.
 D = Time resting spent in this place.
 E = Time spent auto-exploring this place.
 F = Levels seen in this place.
 G = Mean time per level.
                   A        B        C        D        E       F      G
               +--------+--------+--------+--------+--------+-----+--------+
         Total |    354 |    354 |      0 |    248 |      0 |   1 |  354.0 |
       Dungeon |    354 |    354 |      0 |    248 |      0 |   1 |  354.0 |
               +--------+--------+--------+--------+--------+-----+--------+

Top non-repeatable levels by time:
       D: 354 daAuts
